cohdb
Replays
Latest Replays
All Replays
Popular Replays
Top Player Replays
Match Explorer
How It Works
Community
CoH3 Stats
Reddit
Sign in to upload your games and track your stats! →
Sign in with Steam
Match 43055268
Unlisted
Match 43055268
Overview
Messages
Build Orders
End
Selects Canadian Shock Battlegroup
Royal Engineer Section
Vickers Machine Gun Team
Construct Section Command Post
Selects Attacking Spirit
Selects Canadian Shock Section
Canadian Shock Section
Canadian Shock Section
Construct Platoon Command Post
CMP 15cwt Truck
Canadian Shock Section
Selects Burnout
Infantry Training
Selects Pyrotechnics
Canadian Shock Section
Canadian Shock Section
6-pounder Anti-tank Gun Team
6-pounder Anti-tank Gun Team
午后久冬
623201657
青阳
Jackosaur
Joraad
Loading Please Wait . . .
nightshade rose
靣対
0
0
Comments
sign in to comment!
No comments posted yet!